AoeStats
← datarapues1998

Arabia

504928885Analyzed
1v1 RM · 25d ago on Sep 7, 2026· 91m 27s· 2 players
Game mode
Random Map
Map size
Tiny (2 player)
Population
200
Speed
Normal
Resources
Standard
Victory
Conquest
Starting age
Dark Age
Ending age
Imperial Age
RankedLock teamsTeams togetherTeam positionsShared explorationLock speedFull tech treeHidden civsTurbo modeCheats
Victory
Defeat
🇨🇴 Gurjaras · Colombia
1229
+15
🇨🇴 Aztecs · Colombia
1211
-15
datarapues1998
8:37 Loom
11:25 Feudal Age
11:41 Man-at-Arms
14:05 Town Watch
14:22 Double-Bit Axe
14:29 Gold Mining
14:45 Horse Collar
18:55 Fletching
24:23 Castle Age
24:00 Scale Mail Armor
24:53 Eagle Warrior
26:15 Chain Mail Armor
26:20 Bow Saw
27:16 Forging
27:45 Wheelbarrow
28:01 Squires
28:39 Gambesons
28:29 Pikeman
31:03 Iron Casting
38:47 Imperial Age
41:47 Stone Mining
42:33 Gold Shaft Mining
45:05 Bodkin Arrow
46:40 Bracer
46:03 Elite Skirmisher
48:12 Padded Archer Armor
53:45 Ballistics
54:04 Hand Cart
55:55 Leather Archer Armor
56:25 Crossbowman
57:33 Arbalester
59:23 Chemistry
59:26 Blast Furnace
58:59 Conscription
61:24 Garland Wars
61:51 Plate Mail Armor
62:27 Arson
72:15 Onager
dark hollow 911
6:19 Loom
6:28 Loom
8:56 Feudal Age
7:17 Loom
10:11 Double-Bit Axe
18:31 Wheelbarrow
22:06 Castle Age
21:35 Bloodlines
23:40 Scale Barding Armor
23:47 Husbandry
25:38 Chain Barding Armor
28:54 Forging
31:17 Scale Mail Armor
31:48 Horse Collar
32:29 Town Watch
33:17 Fletching
34:06 Iron Casting
38:50 Fletching
48:32 Bodkin Arrow
53:24 Imperial Age
52:53 Light Cavalry
54:40 Chain Mail Armor
55:01 Plate Barding Armor
57:20 Hussar
58:36 Kshatriyas
60:40 Hand Cart
60:38 Bow Saw
62:25 Conscription
66:09 Town Patrol
68:03 Plate Mail Armor
68:10 Elite Chakram Thrower
70:41 Bracer
71:51 Arson
89:41 Hoardings
89:31 Heavy Plow
Connection lost

Rejoining the realm…

Still unreachable

The connection could not be restored.

Session expired

The server has moved on; the page needs a fresh start.